 Dungeon Crawl Stone Soup version 0.21-a0-476-gd103f4b (console) character file.

17308 Duffy the Destroyer (level 12, -2/72 HPs)
             Began as a Deep Elf Fire Elementalist on Nov 22, 2017.
             Was a Priest of Vehumet.
             Slain by a six-headed hydra (9 damage)
             ... on level 12 of the Dungeon.
             The game lasted 00:31:53 (15672 turns).

Duffy the Destroyer (Deep Elf Fire Elementalist)   Turns: 15672, Time: 00:31:54

Health: -2/72      AC:  9    Str:  1    XL:     12   Next: 17%
Magic:  1/27       EV: 19    Int: 29    God:    Vehumet [***...]
Gold:   291        SH:  6    Dex: 11    Spells: 7/30 levels left

rFire    . . .     SeeInvis +   P - +3 rapier {chaos, rC++ rN+ Str-4}
rCold    + + +     Gourm    .   (no shield)
rNeg     + . .     Faith    .   Q - +2 robe {MR+}
rPois    +         Spirit   .   t - +2 helmet
rElec    .         Reflect  +   M - +0 cloak
rCorr    .         Harm     .   (no gloves)
MR       ++...                  N - +0 pair of boots
Stlth    ++........             F - amulet "Wian" {Reflect rPois rC+ Int+3 Dex-4 SH+6}
HPRegen  0.22/turn              J - ring of see invisible
MPRegen  0.20/turn              e - +3 ring of evasion

@: very slightly contaminated
A: no striking features
a: Renounce Religion


You were on level 12 of the Dungeon.
You worshipped Vehumet.
Vehumet was most pleased with you.
You were very hungry.

You visited 1 branch of the dungeon, and saw 12 of its levels.

You collected 543 gold pieces.
You spent 252 gold pieces at shops.

Inventory:

Hand Weapons
 H - a +0 blowgun
 P - the +3 rapier "Emagos" (weapon) {chaos, rC++ rN+ Str-4}
   (You bought it in a shop on level 10 of the Dungeon)

   Each time it hits an enemy it has a different, random effect.
   It affects your strength (-4).
   It greatly protects you from cold.
   It protects you from negative energy.
Missiles
 O - a throwing net (quivered)
Armour
 t - a +2 helmet (worn)
 E - a +1 robe of resistance
 M - a +0 cloak (worn)
 N - a +0 pair of boots (worn)
 Q - a +2 robe of magic resistance (worn)
 V - the +1 leather armour of Least Resistance {rElec}
   (You found it on level 12 of the Dungeon)

   It insulates you from electricity.
Jewellery
 e - a +3 ring of evasion (right hand)
 o - an uncursed ring of protection from fire
 F - the amulet "Wian" (around neck) {Reflect rPois rC+ Int+3 Dex-4 SH+6}
   (You found it on level 8 of the Dungeon)

   [amulet of reflection]

   It shields you and reflects attacks.
   It affects your intelligence (+3).
   It affects your dexterity (-4).
   It protects you from cold.
   It protects you from poison.
   It affects your SH (+6).
 J - a ring of see invisible (left hand)
 L - an uncursed amulet of the gourmand
Wands
 r - a wand of paralysis (17)
 v - a wand of digging (25)
 y - a wand of acid (1)
 A - a wand of clouds (3)
 R - a wand of iceblast (13)
 U - a wand of enslavement (10)
Scrolls
 d - 2 scrolls of enchant weapon {unknown}
 g - a scroll of enchant armour {unknown}
 h - 6 scrolls of teleportation
 k - a scroll of random uselessness {unknown}
 s - 3 scrolls of amnesia
 u - 2 scrolls of magic mapping
 B - 3 scrolls of remove curse
 C - 3 scrolls of fog
 D - 2 scrolls of immolation
 G - 2 scrolls of blinking
 S - a scroll of holy word {unknown}
Potions
 a - a potion of resistance {unknown}
 l - a potion of ambrosia
 m - 6 potions of heal wounds
 p - 6 potions of curing
 q - a potion of cancellation
 w - 4 potions of mutation
 x - a potion of haste {unknown}
 z - a potion of agility
 I - 3 potions of invisibility
Books
 b - a book of Flames

   Spells                             Type                      Level
   a - Flame Tongue                   Conjuration/Fire             1
   b - Throw Flame                    Conjuration/Fire             2
   c - Conjure Flame                  Conjuration/Fire             3
   d - Inner Flame                    Hexes/Fire                   3
   e - Sticky Flame                   Conjuration/Fire             4
   f - Fireball                       Conjuration/Fire             5
 i - a book of Power

   Spells                             Type                      Level
   a - Iskenderun's Battlesphere      Conjuration/Charms           5
   b - Venom Bolt                     Conjuration/Poison           5
   c - Bolt of Magma                  Conjuration/Fire/Earth       5
   d - Iron Shot                      Conjuration/Earth            6
   e - Orb of Destruction             Conjuration                  7
   f - Spellforged Servitor           Conjuration/Summoning        7
 K - a book of Beasts

   Spells                             Type                      Level
   a - Summon Butterflies             Summoning                    1
   b - Call Canine Familiar           Summoning                    3
   c - Summon Ice Beast               Ice/Summoning                4
   d - Summon Mana Viper              Hexes/Summoning              5
   e - Summon Hydra                   Summoning                    7
 W - a Young Poisoner's Handbook

   Spells                             Type                      Level
   a - Sting                          Conjuration/Poison           1
   b - Poisonous Vapours              Poison/Air                   2
   c - Mephitic Cloud                 Conjuration/Poison/Air       3
   d - Olgreb's Toxic Radiance        Poison                       4
   e - Venom Bolt                     Conjuration/Poison           5
Comestibles
 c - 15 bread rations
 f - 2 royal jellies
 n - 6 meat rations


   Skills:
 - Level 7.0 Fighting
 - Level 8.5 Dodging
 - Level 2.4 Stealth
 + Level 9.5 Spellcasting
 + Level 11.2 Conjurations
 - Level 5.0 Translocations
 - Level 8.0 Fire Magic
 * Level 6.6 Earth Magic
 - Level 6.0 Evocations


You had 7 spell levels left.
You knew the following spells:

 Your Spells              Type           Power        Failure   Level  Hunger
a - Stone Arrow           Conj/Erth      ######       1%          3    None
b - Iron Shot             Conj/Erth      ######....   4%          6    #####..
e - Apportation           Tloc           #####.       1%          1    None
h - Flame Tongue          Conj/Fire      #####        1%          1    None
j - Sticky Flame          Conj/Fire      ######..     1%          4    None
k - Fireball              Conj/Fire      ######....   1%          5    ####...
l - Conjure Flame         Conj/Fire      ######..     1%          3    None


Dungeon Overview and Level Annotations

Branches:
Dungeon (12/15)            Temple (0/1) D:7            Lair (0/6) D:10
    Orc (0/2) D:12

Altars:
Cheibriados
Dithmenos
Elyvilon
Fedhas
Gozag
Makhleb
Sif Muna
Uskayaw
Vehumet
Xom

Shops:
D:10 (

Annotations:
D:5 exclusion: 2 doors


Message History

Aim: a six-headed hydra (lightly wounded)
You miscast Iron Shot.
You are very lightly contaminated with residual magic.
You momentarily stiffen.
The six-headed hydra bites you but does no damage.
You block the six-headed hydra's attack.
The six-headed hydra closely misses you.
The six-headed hydra bites you! The six-headed hydra bites you.
The six-headed hydra bites you!
Unknown command.
Unknown command.
Cast which spell? (? or * to list)
Aiming: Iron Shot
Press: ? - help, Shift-Dir - straight line, f/p - six-headed hydra
Aim: a six-headed hydra (lightly wounded)
The iron shot hits the six-headed hydra.
The six-headed hydra is heavily wounded.
You are feeling very hungry.
The six-headed hydra bites you!
You die...

..##......##
#..##.....##...#
...........##
##.#..####..#..#
##.......#..## ##...##
##....#
#......###..###....#
##...#
##....#.####........#
#..###
.....##..###.......##
#.##
.###..#............##
##.# ##
##...####........###
#.## # #..##
#....@D....###.# #
###.##
#........##....#
###...#
##......#####.########
...#### ##.##..##
#...##.... .###
##..##### #..#..####
.# #.#...#.# #....## #
.. ######..# #.##### #
### ##.# ## # ###


You could see a six-headed hydra.

Vanquished Creatures
  A yaktaur captain (D:12)
  A hydra (D:11)
  Erolcha (D:10)
  5 two-headed ogres
  Pikel (D:4)
  2 cyclopes (D:12)
  A manticore (D:12)
  A centaur skeleton (D:12)
  Psyche (D:9)
  3 trolls
  4 slime creatures (D:12)
  4 hippogriffs
  Sigmund (D:2)
  A wraith (D:12)
  A hungry ghost (D:12)
  Eustachio (D:5)
  A wyvern (D:10)
  17 yaks (D:10)
  A water moccasin (D:5)
  An eye of draining (D:8)
  3 orc warriors
  2 phantoms
  A black bear (D:10)
  A necrophage (D:8)
  2 centaurs
  An ice beast (D:12)
  A hornet zombie (D:9)
  A sky beast (D:8)
  A boggart (shapeshifter) (D:12)
  4 ogres
  A crocodile (D:9)
  7 bullfrogs
  A water moccasin zombie (D:7)
  2 scorpions
  13 killer bees
  5 howler monkeys
  2 crimson imps (D:10)
  A quasit (D:12)
  3 bullfrog zombies
  7 hounds
  8 orc priests
  2 jellies
  2 bullfrog skeletons
  4 iguanas
  4 worker ants
  9 orc wizards
  A hound skeleton (D:5)
  Robin (D:4)
  A howler monkey zombie (D:8)
  A worker ant zombie (D:6)
  4 gnolls (D:6)
  A howler monkey skeleton (D:5)
  16 adders
  3 worms
  A dart slug (D:3)
  5 leopard geckos
  54 orcs
  A ball python (D:3)
  5 giant cockroaches
  13 goblins
  9 hobgoblins
  5 jackals (D:3)
  4 quokkas
  11 bats
  5 frilled lizards
  2 jackal skeletons
  5 kobolds
  A quokka skeleton (D:9)
  15 rats
301 creatures vanquished.

Vanquished Creatures (others)
  A crimson imp (D:5)
1 creature vanquished.

Grand Total: 302 creatures vanquished

Notes
Turn   | Place    | Note
-------+----------+-------------------------------------------
     0 | D:1      | Duffy the Deep Elf Fire Elementalist began the quest for the Orb.
     0 | D:1      | Reached XP level 1. HP: 10/10 MP: 6/6
   247 | D:1      | Reached skill level 2 in Conjurations
   324 | D:1      | Reached XP level 2. HP: 15/15 MP: 6/8
   979 | D:2      | Reached skill level 3 in Conjurations
  1072 | D:2      | Reached XP level 3. HP: 19/19 MP: 3/9
  1259 | D:2      | Noticed Sigmund
  1453 | D:3      | Learned a level 3 spell: Conjure Flame
  1483 | D:3      | Learned a level 1 spell: Apportation
  1641 | D:3      | Reached skill level 4 in Conjurations
  1920 | D:3      | Found a blossoming altar of Fedhas.
  1925 | D:3      | Found a radiant altar of Vehumet.
  1934 | D:3      | Became a worshipper of Vehumet
  1956 | D:3      | Found a burning altar of Makhleb.
  2154 | D:3      | Reached XP level 4. HP: 24/24 MP: 6/10
  2450 | D:3      | Learned a level 4 spell: Sticky Flame
  2586 | D:4      | Noticed Robin
  2652 | D:4      | Killed Robin
  2751 | D:4      | Reached * piety under Vehumet
  2751 | D:4      | Offered knowledge of Freeze by Vehumet.
  2851 | D:4      | Noticed a phantom
  2858 | D:4      | Reached XP level 5. HP: 28/28 MP: 10/12
  2870 | D:4      | Killed a phantom
  3053 | D:4      | Reached XP level 6. HP: 32/32 MP: 1/14
  3151 | D:4      | Learned a level 5 spell: Fireball
  3197 | D:4      | Reached skill level 5 in Conjurations
  3197 | D:4      | Reached skill level 5 in Fire Magic
  3380 | D:4      | Reached skill level 1 in Fighting
  4112 | D:5      | Entered Level 5 of the Dungeon
  4140 | D:5      | Found a burning altar of Makhleb.
  4143 | D:5      | Found an opulent altar of Gozag.
  4146 | D:5      | Found a hide-covered altar of Uskayaw.
  4194 | D:5      | Found a shimmering altar of Xom.
  4484 | D:5      | Reached XP level 7. HP: 39/40 MP: 8/15
  4825 | D:5      | Noticed Eustachio
  4836 | D:5      | Killed Eustachio
  4836 | D:5      | Reached skill level 5 in Dodging
  4897 | D:5      | Noticed Pikel
  4964 | D:4      | Killed Pikel
  4964 | D:4      | Reached XP level 8. HP: 48/48 MP: 0/16
  5321 | D:6      | Reached ** piety under Vehumet
  5324 | D:6      | Offered knowledge of Shock by Vehumet.
  5698 | D:6      | Reached skill level 5 in Fighting
  5813 | D:6      | Found a shadowy altar of Dithmenos.
  6473 | D:2      | Killed Sigmund
  6995 | D:7      | Reached XP level 9. HP: 55/55 MP: 12/17
  7076 | D:7      | Offered knowledge of Stone Arrow by Vehumet.
  7094 | D:6      | Learned a level 3 spell: Stone Arrow
  7480 | D:7      | Reached skill level 5 in Spellcasting
  7623 | D:7      | Reached *** piety under Vehumet
  7814 | D:7      | Reached skill level 6 in Conjurations
  7932 | D:7      | Found a staircase to the Ecumenical Temple.
  8217 | D:8      | Got a heavily runed pewter amulet
  8450 | D:8      | Offered knowledge of Ignite Poison by Vehumet.
  8747 | D:8      | Identified the amulet "Wian" {Reflect rPois rC+ Int+3 Dex-4 SH+6} (You found it on level 8 of the Dungeon)
  8773 | D:8      | Reached skill level 7 in Conjurations
  8890 | D:8      | Found a white marble altar of Elyvilon.
  9512 | D:8      | Noticed a two-headed ogre
  9521 | D:8      | Killed a two-headed ogre
  9521 | D:8      | Reached skill level 8 in Conjurations
  9521 | D:8      | Reached XP level 10. HP: 60/60 MP: 11/22
  9717 | D:9      | Noticed a two-headed ogre
  9725 | D:9      | Noticed a two-headed ogre
  9727 | D:9      | Killed a two-headed ogre
  9727 | D:9      | Reached **** piety under Vehumet
  9727 | D:9      | Reached skill level 1 in Earth Magic
  9735 | D:9      | Killed a two-headed ogre
  9735 | D:9      | Reached skill level 9 in Conjurations
  9830 | D:9      | Noticed Psyche
  9831 | D:9      | Killed Psyche
  9901 | D:9      | Offered knowledge of Irradiate by Vehumet.
  9947 | D:9      | Reached skill level 1 in Translocations
 10004 | D:9      | Noticed a two-headed ogre
 10020 | D:9      | Killed a two-headed ogre
 10273 | D:9      | Found a deep blue altar of Sif Muna.
 10312 | D:9      | Reached skill level 10 in Conjurations
 10537 | D:9      | Noticed a two-headed ogre
 10548 | D:9      | Killed a two-headed ogre
 10548 | D:9      | Reached XP level 11. HP: 63/64 MP: 12/25
 11625 | D:10     | Entered Level 10 of the Dungeon
 11636 | D:10     | Reached skill level 5 in Translocations
 11640 | D:10     | Reached skill level 1 in Evocations
 11833 | D:10     | Noticed Erolcha
 11842 | D:10     | Killed Erolcha
 12219 | D:10     | Reached skill level 5 in Evocations
 12420 | D:10     | Reached ***** piety under Vehumet
 12596 | D:10     | Found a staircase to the Lair.
 12631 | D:10     | Offered knowledge of Iron Shot by Vehumet.
 12781 | D:10     | Learned a level 6 spell: Iron Shot
 12827 | D:10     | Found Yrood's Antique Weapon Emporium.
 13032 | D:10     | Bought a bone rapier for 252 gold pieces
 13032 | D:10     | Identified the +3 rapier "Emagos" {chaos, rC++ rN+ Str-4} (You bought it in a shop on level 10 of the Dungeon)
 13223 | D:11     | Found a snail-covered altar of Cheibriados.
 13493 | D:11     | Noticed an eight-headed hydra
 13497 | D:11     | Killed an eight-headed hydra
 14046 | D:12     | Got a bloodstained leather armour
 14057 | D:12     | Identified the +1 leather armour of Least Resistance {rElec} (You found it on level 12 of the Dungeon)
 14310 | D:12     | Reached skill level 5 in Earth Magic
 14525 | D:12     | Found a staircase to the Orcish Mines.
 14813 | D:12     | Reached skill level 11 in Conjurations
 15274 | D:12     | Reached XP level 12. HP: 72/72 MP: 12/27
 15568 | D:12     | Noticed a yaktaur captain
 15579 | D:12     | Killed a yaktaur captain
 15647 | D:12     | Noticed a six-headed hydra
 15672 | D:12     | Slain by a six-headed hydra

Vault maps used:
D:1:      dpeg_arrival_prison, minmay_pentomino_t4
D:2:      uniq_sigmund
D:3:      grunt_temple_overflow_open, first_bread, bloody_makhleb
D:4:      uniq_robin
D:5:      grunt_temple_overflow_diamond, led_xom_imps, uniq_pikel,
          uniq_eustachio
D:6:      lemuel_statue_altar
D:7:      minmay_temple_entry_statues_fountains
D:8:      elyvilon_altar_4
D:9:      basic_altar, grunt_ogre_cave, grunt_ministairs_4, uniq_psyche
D:10:     lair_entry_dummy, serial_shops, shop, uniq_erolcha
D:11:     basic_altar
D:12:     hiddenorc2_lemuel, minmay_evil_grid

Skill      XL: |  1  2  3  4  5  6  7  8  9 10 11 12 |
---------------+-------------------------------------+-----
Conjurations   | 2 3 4 5 8 10 11 | 11.2
Fire Magic     | 4 5 7 8 |  8.0
Spellcasting   | 4 6 8 9 |  9.5
Fighting       | 2 4 5 6 7 |  7.0
Dodging        | 4 7 8 |  8.5
Earth Magic    | 3 5 6 |  6.6
Translocations | 4 5 |  5.0
Evocations     | 6 |  6.0
Stealth        | |  2.4

Action                   |  1- 3 |  4- 6 |  7- 9 | 10-12 || total
-------------------------+-------+-------+-------+-------++-------
 Cast: Flame Tongue      |    88 |    85 |   191 |   230 ||   594
       Sticky Flame      |       |     3 |    32 |     6 ||    41
       Conjure Flame     |       |     2 |    13 |    22 ||    37
       Fireball          |       |       |     5 |    19 ||    24
       Stone Arrow       |       |       |       |    88 ||    88
       Iron Shot         |       |       |       |     2 ||     2
Evoke: Wand              |       |       |     1 |     8 ||     9
  Use: Scroll            |     3 |     3 |    10 |     2 ||    18
       Potion            |       |       |       |     1 ||     1
  Eat: Chunk             |     4 |     7 |    20 |    18 ||    49
       Royal jelly       |       |       |     1 |     2 ||     3
Armor: Robe              |     1 |     1 |    11 |     9 ||    22
       Animal skin       |       |     6 |     1 |       ||     7
Dodge: Dodged            |    15 |    13 |    69 |    81 ||   178
Block: Other             |       |       |       |    15 ||    15
       Reflection        |       |       |       |     2 ||     2

Table legend:
 A = Spawn XP
 B = Non-spawn XP
 C = Spawn XP percentage of total XP
 D = Spawn monster count
 E = Non-spawn monster count
 F = Spawn count percentage of total count
 G = Total turns spent on level
                    A         B        C        D         E        F      G
               +---------+---------+-------+---------+---------+-------+---------
         Total |       0 |   24727 |   0.0 |       0 |     301 |   0.0 | 15672
               +---------+---------+-------+---------+---------+-------+---------
           D:1 |       0 |      24 |   0.0 |       0 |      18 |   0.0 |  1032
           D:2 |       0 |     279 |   0.0 |       0 |      27 |   0.0 |   717
           D:3 |       0 |      62 |   0.0 |       0 |      25 |   0.0 |  1180
           D:4 |       0 |    1241 |   0.0 |       0 |      25 |   0.0 |  1701
           D:5 |       0 |     526 |   0.0 |       0 |      14 |   0.0 |  1092
           D:6 |       0 |     600 |   0.0 |       0 |      16 |   0.0 |  1441
           D:7 |       0 |     997 |   0.0 |       0 |      27 |   0.0 |   989
           D:8 |       0 |    2452 |   0.0 |       0 |      24 |   0.0 |  1491
           D:9 |       0 |    6120 |   0.0 |       0 |      37 |   0.0 |  2101
          D:10 |       0 |    5286 |   0.0 |       0 |      31 |   0.0 |  1310
          D:11 |       0 |    1322 |   0.0 |       0 |       5 |   0.0 |   702
          D:12 |       0 |    5818 |   0.0 |       0 |      52 |   0.0 |  1916
               +---------+---------+-------+---------+---------+-------+---------
